 Dungeon Crawl Stone Soup version 0.28-a0-1152-g9c71ebef14 (webtiles) character file.

Game seed: 1007600322225417124

175 Strat the Stinger (level 5, -6/45 HPs)
             Began as a Naga Hedge Wizard on Dec 14, 2021.
             Mangled by an ogre (18 damage)
             ... on level 3 of the Dungeon.
             The game lasted 00:06:45 (3882 turns).

Strat the Stinger (Naga Hedge Wizard)               Turns: 3882, Time: 00:06:46

Health: -6/45      AC:  7    Str: 10 (13) XL:     5   Next: 55%
Magic:  1/9        EV:  9    Int: 14 (16) God:
Gold:   96         SH:  0    Dex:  7 (10) Spells: 2/10 levels left

rFire   . . .      SeeInvis +   a - +0 dagger
rCold   . . .      Faith    .   (no shield)
rNeg    . . .      Spirit   .   j - +0 robe
rPois   +          Reflect  .   d - +0 helmet
rElec   .          Harm     .   (no cloak)
rCorr   .          Rampage  .   (no gloves)
Will    .....                   (no barding)
Stlth   ++........              (no amulet)
HPRegen 0.15/turn               q - +4 ring of protection
MPRegen 0.11/turn               (no ring)

@: flying, very slow
A: AC +1, large, see invisible, deformed body, poison resistance, slowness 2,
spit poison 1, naga tail 1
a: Spit Poison


You were on level 3 of the Dungeon.
You visited 1 branch of the dungeon, and saw 4 of its levels.

You collected 96 gold pieces.

Inventory:

Hand Weapons
 a - a +0 dagger (weapon)
 b - a +0 hunting sling
Missiles
 f - 8 poisoned darts
 g - 73 stones
 m - 42 sling bullets
Armour
 c - a +0 hat
 d - a +0 helmet (worn)
 j - a +0 robe (worn)
 s - a +0 leather armour
Jewellery
 q - a +4 ring of protection (left hand)
Scrolls
 e - 2 scrolls of vulnerability {unknown}
 h - a scroll of teleportation {unknown}
 i - a scroll of identify {unknown}
 k - a scroll of magic mapping {unknown}
 l - a scroll of summoning {unknown}
 o - a scroll of fog {unknown}
 p - a scroll of enchant armour {unknown}
 t - a scroll of fear {unknown}


   Skills:
 - Level 2.0 Fighting
 - Level 1.5 Dodging
 - Level 3.0 Stealth
 + Level 3.0 Spellcasting
 + Level 3.1 Conjurations
 - Level 1.0 Summonings
 - Level 1.0 Translocations
 + Level 1.8 Air Magic
 + Level 3.2 Poison Magic


You had 2 spell levels left.
You knew the following spells:

 Your Spells              Type           Power      Damage    Failure   Level
a - Magic Dart            Conj           40%        1d5       6%          1
b - Call Imp              Summ           4%         N/A       22%         2
c - Blink                 Tloc           8%         N/A       22%         2
d - Mephitic Cloud        Conj/Pois/Air  9%         N/A       21%         3

Your spell library contained the following spells:

 Spells                   Type           Power      Damage    Failure   Level
 Pain                     Necr           8%         1d4       22%         1
 Slow                     Hex            8%         N/A       22%         1
 Conjure Flame            Conj/Fire      6%         6-21      34%         3
 Portal Projectile        Hex/Tloc       6%         N/A       45%         3
 Agony                    Necr           2%         N/A       99%         5
 Blade Hands              Tmut           1%         N/A       99%         5
 Excruciating Wounds      Necr           1%         N/A       99%         5


Dungeon Overview and Level Annotations

Branches:
Dungeon (4/15)
 Temple: D:4-7

Altars:
Elyvilon

Shops:
D:1 [


Innate Abilities, Weirdness & Mutations

Your serpentine skin is tough. (AC +1)
You have supernaturally acute eyesight. (SInv)
Armour fits poorly on your strangely shaped body.
Your system is resistant to poisons. (rPois)
You cover ground very slowly.
You can spit poison.
You have a snake-like lower body.


Message History

Your crimson imp hits the ogre.
The ogre is engulfed in noxious fumes.
Casting: Mephitic Cloud (dangerous; 19% risk of failure)
Confirm with . or Enter, or press ? or * to list all spells.
You don't have enough magic to cast this spell.
Unknown command.
Casting: Mephitic Cloud (dangerous; 19% risk of failure)
Confirm with . or Enter, or press ? or * to list all spells.
Aiming: Magic Dart (safe; 5% risk of failure)
Press: ? - help, Shift-Dir - straight line, f/p - ogre
Aim: an ogre, wielding a +0 giant club (lightly wounded, ally target, 100% to hit)
The magic dart hits the ogre.
The ogre is moderately wounded.
Your crimson imp hits the ogre.
Aiming: Spit Poison (1% risk of failure)
Press: ? - help, Shift-Dir - straight line, f/p - ogre
Aim: an ogre, wielding a +0 giant club (moderately wounded, ally target)
The splash of poison hits the ogre but does no damage.
The ogre is moderately wounded.
Your crimson imp barely misses the ogre.
The ogre hits you with a +0 giant club!
* * * LOW HITPOINT WARNING * * *
Your crimson imp closely misses the ogre.
Casting: Magic Dart (safe; 5% risk of failure)
Confirm with . or Enter, or press ? or * to list all spells.
You blink.
Unknown command.
Your crimson imp hits the ogre.
It was a potion of flight.
You feel very buoyant.
You fly up into the air.
You have got your breath back.
The ogre hits you with a +0 giant club!!
* * * LOW HITPOINT WARNING * * *
It was a potion of degeneration.
There was something very wrong with that liquid.
You feel weakened.
You feel dopey.
You feel clumsy.
Your crimson imp hits the ogre.
You feel stable enough to blink again.
The ogre hits you with a +0 giant club!!
You die...

....<###..)#####....###
##.<...#............#
##.#S#.##..######<###
...........# #.#
.......###.## #.#
....[...#...# #.#
##....#.#...### #.#
#O#.##.......###.#
#S#.##$......5O@.#
#>#.##.......#####
#...##.#...### ######
#...# #####


You could see an ogre (ally target) and a friendly crimson imp (summoned).

Vanquished Creatures
  2 adders
  A howler monkey skeleton (D:4)
  A dart slug (D:2)
  3 bats (D:1)
  4 endoplasms
  A giant cockroach (D:2)
  11 goblins
  4 hobgoblins
  A quokka (D:1)
  3 ball pythons (D:1)
  2 frilled lizards (D:2)
  2 kobolds (D:1)
  A rat (D:1)
36 creatures vanquished.

Vanquished Creatures (collateral kills)
  A necrophage (D:2)
  Robin (D:2)
  A worm (D:2)
  2 goblins (D:2)
  2 hobgoblins (D:2)
7 creatures vanquished.

Grand Total: 43 creatures vanquished

Notes
Turn   | Place    | Note
-------+----------+-------------------------------------------
     0 | D:1      | Strat the Naga Hedge Wizard began the quest for the Orb.
     0 | D:1      | Reached XP level 1. HP: 15/15 MP: 4/4
   442 | D:1      | Reached XP level 2. HP: 22/22 MP: 1/6
   563 | D:1      | Found a faded altar of an unknown god.
   991 | D:1      | Found Wanof's Antique Armour Shop.
  1246 | D:1      | Learned a level 2 spell: Call Imp
  1249 | D:1      | Learned a level 2 spell: Blink
  1670 | D:2      | Reached XP level 3. HP: 10/28 MP: 7/7
  2281 | D:2      | Noticed Robin
  2299 | D:2      | Killed Robin
  2300 | D:2      | Reached skill level 1 in Fighting
  2511 | D:2      | Learned a level 3 spell: Mephitic Cloud
  2818 | D:2      | Reached XP level 4. HP: 34/39 MP: 3/8
  3091 | D:3      | Noticed an ogre
  3105 | D:3      | Noticed a necrophage
  3127 | D:2      | Killed a necrophage
  3128 | D:2      | Reached skill level 1 in Air Magic
  3128 | D:2      | Reached XP level 5. HP: 26/45 MP: 1/9
  3443 | D:4      | Found a white marble altar of Elyvilon.
  3443 | D:4      | Noticed an ogre
  3882 | D:3      | Mangled by an ogre

Illustrated notes

Levels and vault maps discovered:
D:1:      eino_arrival_water_cross, layout_loops_ring, serial_shops, shop,
          shapermc_ecumenical_altar_mp_urbaneastern
D:2:      layout_basic, uniq_robin
D:3:      layout_loops_ring, lightli_temple_of_fire
D:4:      layout_loops_corners, mainiacjoe_overflow_concentric_impassable,
          mainiacjoe_overflow_surrounded_room

Skill      XL: |  1  2  3  4 |
---------------+-------------+-----
Conjurations   | 2 3 |  3.1
Fighting       | 1 2 |  2.0
Air Magic      | 1 |  1.8
Poison Magic   | 3 |  3.2
Dodging        | |  1.5
Stealth        | |  3.0
Spellcasting   | |  3.0
Summonings     | |  1.0
Translocations | |  1.0

Action                   |  1- 3 |  4- 6 || total
-------------------------+-------+-------++-------
Melee: Dagger            |    92 |    37 ||   129
 Fire: Hunting sling     |     3 |       ||     3
 Cast: Magic Dart        |    24 |    12 ||    36
       Call Imp          |     7 |     6 ||    13
       Mephitic Cloud    |       |     4 ||     4
       Blink             |       |     2 ||     2
 Abil: Spit Poison       |     9 |     2 ||    11
  Use: Potion            |       |     2 ||     2
 Stab: Sleeping          |     5 |       ||     5
Armor: Robe              |    28 |    26 ||    54
Dodge: Dodged            |    51 |    30 ||    81

Table legend: (Time is in decaauts)
 A = Elapsed time spent in this place.
 B = Non-inter-level travel time spent in this place.
 C = Inter-level travel time spent in this place.
 D = Time resting spent in this place.
 E = Time spent auto-exploring this place.
 F = Levels seen in this place.
 G = Mean time per level.
                   A        B        C        D        E       F      G
               +--------+--------+--------+--------+--------+-----+--------+
         Total |   4425 |   4295 |    130 |   1679 |   1874 |   4 | 1106.2 |
       Dungeon |   4425 |   4295 |    130 |   1679 |   1874 |   4 | 1106.2 |
               +--------+--------+--------+--------+--------+-----+--------+

Top non-repeatable levels by time:
     D:1: 2080 daAuts
     D:2: 1660 daAuts
     D:3: 543 daAuts
     D:4: 141 daAuts
